 Dungeon Crawl Stone Soup version 0.28-a0-407-g69098e2f6d (console) character file.

Game seed: 4253672092715373736

343 nht the Cutter (level 6, 0/46 HPs)
             Began as a Vampire Berserker on Sept 5, 2021.
             Was a Priest of Trog.
             Slain by a gnoll sergeant (15 damage)
             ... on level 3 of the Dungeon.
             The game lasted 00:04:59 (2484 turns).

nht the Cutter (Vampire Berserker)                  Turns: 2484, Time: 00:05:00

Health: 0/46       AC:  2    Str: 16    XL:     6   Next: 31%
Magic:  6/6        EV: 12    Int:  9    God:    Trog [***...]
Gold:   103        SH:  0    Dex: 16    Spells: 5/5 levels left

rFire   . . .      SeeInvis +   m - +3 short sword (venom)
rCold   . . .      Faith    .   (no shield)
rNeg    . . .      Spirit   .   b - +0 animal skin
rPois   +          Reflect  .   (no helmet)
rElec   .          Harm     .   (no cloak)
rCorr   .          Rampage  .   (no gloves)
Will    .....                   (no boots)
Stlth   +.........              (no amulet)
HPRegen 0.35/turn               i - ring of poison resistance
MPRegen 0.10/turn               (no ring)

@: on berserk cooldown, healing quickly, slowed, very slow
A: alive, fangs 3, see invisible, vampiric 2
a: Exsanguinate, Renounce Religion, Berserk, Trog's Hand


You were on level 3 of the Dungeon.
You worshipped Trog.
Trog was most pleased with you.
You visited 1 branch of the dungeon, and saw 3 of its levels.

You collected 103 gold pieces.

Inventory:

Hand Weapons
 m - a +3 short sword of venom (weapon)
Missiles
 o - 8 poisoned darts (quivered)
Armour
 b - a +0 animal skin (worn)
Jewellery
 i - a ring of poison resistance (left hand)
 l - a ring of fire
Scrolls
 a - a scroll of silence {unknown}
 c - a scroll of amnesia {unknown}
 g - a scroll of enchant armour {unknown}
 j - a scroll of identify {unknown}
 k - a scroll of teleportation
 n - a scroll of blinking {unknown}
Potions
 d - a potion of cancellation {unknown}
 e - a potion of mutation {unknown}
 f - 2 potions of might {unknown}
 h - a potion of brilliance {unknown}
 p - a potion of invisibility {unknown}


   Skills:
 - Level 2.6 Fighting
 + Level 7.9 Short Blades
 - Level 1.5 Armour
 - Level 2.1 Dodging


You had 5 spell levels left.
You didn't know any spells.
Your spell library was empty.

Dungeon Overview and Level Annotations

Branches:
Dungeon (3/15)

Altars:
Gozag

Shops:
D:1 ?

Annotations:
D:3 Ijyb


Innate Abilities, Weirdness & Mutations

Your natural rate of healing is accelerated.
You have razor-sharp teeth.
You have supernaturally acute eyesight. (SInv)
You are afflicted with vampirism and can become a bat while bloodless.


Message History

You kill the orc!
Trog accepts your kill. The gnoll hits you with a +0 spear.
You puncture the gnoll!
The gnoll looks as sick as possible!
The gnoll is severely wounded.
You puncture the gnoll!
You kill the gnoll!
Trog accepts your kill.
An orc comes into view. It is wielding a +0 club.
The orc closely misses you.
Things that are here:
a +0 spear; a gnoll corpse You puncture the orc!
You kill the orc!
Trog accepts your kill.
You closely miss the gnoll. You bite the gnoll!
The gnoll is almost dead.
You hit the gnoll.
You kill the gnoll!
Trog accepts your kill.
Things that are here:
a +0 club; a scroll labelled JYR BIEKASH You feel a strong urge to attack something.
You are no longer berserk.
You are exhausted.
You feel yourself slow down.
Items here: $ )) [.
Unknown command.
The orc hits you with a +0 club.
A gnoll sergeant comes into view. It is wielding a +3 spear of flaming.
The orc hits you with a +0 club.
There is an open door here.
You barely miss the orc. You bite the orc, but do no damage.
The gnoll sergeant hits you from afar with a +3 spear of flaming!
The gnoll sergeant burns you. The orc barely misses you.
You puncture the orc!
You kill the orc!
Trog accepts your kill.
The gnoll sergeant hits you from afar with a +3 spear of flaming!
You die...

█..............................
█....P...........†.P...........
█....≈≈≈≈≈≈≈≈≈≈≈≈†≈†≈≈≈≈≈≈≈≈≈≈≈
█....≈≈≈≈≈≈≈≈≈≈≈≈≈≈≈≈≈≈≈≈≈≈≈≈≈≈
█....≈≈█████≈≈≈≈≈≈≈≈≈≈≈≈≈≈≈≈≈≈≈
█....≈≈█...█...................
█...P≈≈█...████████████████████
█....≈≈███'█....'.
█....≈≈≈.█[█...g█
█.P..≈≈≈.█.█..).█
█....≈≈≈.█.██#@#█
█....≈≈≈.█.).)..█
█....≈≈≈.█.).)..█
█....≈≈≈.█)██████ █....≈≈≈.█)█
█....≈≈≈.█.' █...P≈≈███'█.
█....≈≈█...█████████████+
█....≈≈█g..█.............
█....≈≈█████≈≈≈≈≈≈≈≈≈≈≈≈.
█....≈≈≈≈≈≈≈≈≈≈≈≈≈≈≈≈≈≈≈.


You could see a gnoll sergeant.

Vanquished Creatures
  A scorpion (D:2)
  2 howler monkeys (D:3)
  A hound (D:3)
  6 adders
  3 gnolls (D:3)
  2 worms
  7 orcs (D:3)
  4 ball pythons
  8 endoplasms
  6 goblins
  4 hobgoblins
  14 jackals
  5 kobolds
  4 quokkas
  4 bats (D:2)
  4 frilled lizards
  4 rats
79 creatures vanquished.

Vanquished Creatures (others)
  A demonic plant (D:1)
  A plant (D:3)
2 creatures vanquished.

Grand Total: 81 creatures vanquished

Notes
Turn   | Place    | Note
-------+----------+-------------------------------------------
     0 | D:1      | nht the Vampire Berserker began the quest for the Orb.
     0 | D:1      | Reached XP level 1. HP: 17/17 MP: 1/1
     1 | D:1      | Found Yteiqeick's Magic Scroll Emporium.
   304 | D:1      | Reached skill level 4 in Short Blades
   304 | D:1      | Reached XP level 2. HP: 23/23 MP: 2/2
   593 | D:1      | Found a faded altar of an unknown god.
  1016 | D:2      | Gained mutation: You are afflicted with vampirism and can
                  | become a bat while bloodless. [Vampire growth]
  1016 | D:2      | Reached XP level 3. HP: 19/28 MP: 3/3
  1166 | D:2      | Reached skill level 5 in Short Blades
  1263 | D:2      | Reached ** piety under Trog
  1522 | D:2      | Reached XP level 4. HP: 26/34 MP: 4/4
  1822 | D:2      | Noticed a scorpion
  1828 | D:2      | Killed a scorpion
  1829 | D:2      | Reached skill level 6 in Short Blades
  1829 | D:2      | Reached XP level 5. HP: 39/39 MP: 5/5
  2127 | D:3      | Found an opulent altar of Gozag.
  2356 | D:3      | Reached *** piety under Trog
  2357 | D:3      | Reached skill level 7 in Short Blades
  2363 | D:3      | Reached XP level 6. HP: 44/46 MP: 6/6
  2449 | D:3      | Noticed Ijyb
  2484 | D:3      | Slain by a gnoll sergeant

Illustrated notes

Levels and vault maps discovered:
D:1:      beargit_arrival_greenhouse, layout_loops_ring,
          shapermc_ecumenical_altar_gd, serial_shops, shop, moated_statue
D:2:      layout_loops_ring
D:3:      lemuel_castle_with_subvaults [lemuel_castle_interior_carwin_1],
          layout_rooms, marbit_many_paths, serial_rivers,
          chequers_serial_rivers_marsh, chequers_serial_rivers_large_a,
          chequers_serial_rivers_small_a, chequers_serial_rivers_marsh,
          chequers_serial_rivers_room_a, chequers_serial_rivers_small_b,
          uniq_ijyb

Skill      XL: |  1  2  3  4  5 |
---------------+----------------+-----
Short Blades   | 4 5 6 7 |  7.9
Fighting       | |  2.6
Armour         | |  1.5
Dodging        | |  2.1

Action                   |  1- 3 |  4- 6 || total
-------------------------+-------+-------++-------
Melee: Short sword       |   139 |   124 ||   263
       Bite              |     9 |    15 ||    24
Invok: Berserk           |     1 |     3 ||     4
  Use: Scroll            |       |     3 ||     3
 Stab: Sleeping          |     3 |       ||     3
Armor: Animal skin       |    31 |     7 ||    38
Dodge: Dodged            |    89 |    49 ||   138

Table legend: (Time is in decaauts)
 A = Elapsed time spent in this place.
 B = Non-inter-level travel time spent in this place.
 C = Inter-level travel time spent in this place.
 D = Time resting spent in this place.
 E = Time spent auto-exploring this place.
 F = Levels seen in this place.
 G = Mean time per level.
                   A        B        C        D        E       F      G
               +--------+--------+--------+--------+--------+-----+--------+
         Total |   2478 |   2363 |    115 |     36 |   1820 |   3 |  826.0 |
       Dungeon |   2478 |   2363 |    115 |     36 |   1820 |   3 |  826.0 |
               +--------+--------+--------+--------+--------+-----+--------+

Top non-repeatable levels by time:
     D:1: 980 daAuts
     D:2: 881 daAuts
     D:3: 617 daAuts
